 Dungeon Crawl Stone Soup version 0.32-a0-981-g384da2ce10 (webtiles) character file.

Game seed: 8476233879500555768

64 protoss039 the Digger (level 3, -1/27 HPs)
             Began as a Demonspawn Earth Elementalist on Apr 20, 2024.
             Slain by an orc
             ... wielding a +0 trident
              (6 damage)
             ... on level 2 of the Dungeon.
             The game lasted 00:02:54 (1511 turns).

protoss039 the Digger (DsEE)                        Turns: 1511, Time: 00:02:54

Health: -1/27      AC:  2    Str:  8    XL:     3   Next: 91%
Magic:  0/7        EV: 11    Int: 23    God:
Gold:   50         SH:  0    Dex: 13    Spells: 0/7 levels left

rFire   . . .        d - +0 dagger
rCold   . . .        (no shield)
rNeg    . . .        a - +0 robe
rPois   .            (helmet restricted)
rElec   .            (no cloak)
rCorr   .            (no gloves)
SInv    .            (no boots)
Will    .....        (no amulet)
Stlth   ++           e - +6 ring of intelligence
HPRegen 0.24/turn    (no ring)
MPRegen 0.10/turn

%: no passive effects
@: lethally poisoned (-1 -> -3), hasted, very quick
A: horns 1, powered by death 1
a: no special abilities


You were on level 2 of the Dungeon.
You visited 1 branch of the dungeon, and saw 2 of its levels.

You collected 50 gold pieces.

Inventory:

Hand Weapons
 d - a +0 dagger (weapon)
Missiles
 j - 5 poisoned darts
Armour
 a - a +0 robe (worn)
Jewellery
 e - a +6 ring of intelligence (left hand)
Scrolls
 b - 2 scrolls of silence {unknown}
 c - a scroll of identify {unknown}
 g - a scroll of immolation {unknown}
 h - a scroll of vulnerability {unknown}
 i - a scroll of fog {unknown}
 k - a scroll of acquirement {unknown}
 l - 3 scrolls of revelation {unknown}
Potions
 f - a potion of haste


   Skills:
 + Level 1.8 Fighting
 + Level 1.9 Dodging
 - Level 1.7 Stealth
 + Level 2.7 Spellcasting
 + Level 1.2 Conjurations
 + Level 3.2 Earth Magic


You couldn't memorise any spells.
You knew the following spells:

 Your Spells              Type           Power      Damage    Failure   Level
a - Sandblast             Erth           36%        2d10      3%          1
b - Passwall              Erth           18%        N/A       10%         3
c - Stone Arrow           Conj/Erth      26%        3d8       14%         3

Your spell library contained the following spells:

 Spells                   Type           Power      Damage    Failure   Level
 Fugue of the Fallen      Necr           3%         N/A       34%         3
 Ozocubu's Armour         Ice            3%         N/A       34%         3
 Brom's Barrelling Bould  Conj/Erth      13%        2d4       43%         4
 Petrify                  Alch/Erth      10%        N/A       52%         4
 Manifold Assault         Tloc           1%         N/A       100%        7


Dungeon Overview and Level Annotations

Branches:
Dungeon (2/15) Zot: 10465

Altars:


Innate Abilities, Weirdness & Mutations

You have a pair of small horns on your head.
You regenerate a little health from kills.


Message History

The adder barely misses you. The orc barely misses you. The orc misses you.
The adder bites you.
You are poisoned.
The adder poisons you! The orc closely misses you. x2
Casting: Sandblast (safe; 3% risk of failure)
Confirm with . or Enter, or press ? or * to list all spells.
Aiming: Sandblast (safe; 3% risk of failure)
Press: ? - help, Shift-Dir - straight line, f/p - orc
Aim: an orc, wielding a +0 dagger and wearing a +0 leather armour (heavily wounded, 82% to hit)
The blast of sand hits the orc.
You kill the orc!
You feel sick. The adder bites you.
You are more poisoned.
The adder poisons you!
The orc hits you from afar with a +0 trident!
The adder closely misses you.
Casting: Sandblast (safe; 3% risk of failure)
Confirm with . or Enter, or press ? or * to list all spells.
Aiming: Sandblast (safe; 3% risk of failure)
Press: ? - help, Shift-Dir - straight line, f - adder
Aim: an adder (70% to hit)
The blast of sand hits the adder!
The adder is almost dead.
You feel sick. The adder bites you but does no damage.
The orc barely misses you. The adder misses you.
The orc hits you from afar with a +0 trident.
* * * LOW HITPOINT WARNING * * *
Casting: Sandblast (safe; 3% risk of failure)
Confirm with . or Enter, or press ? or * to list all spells.
Aiming: Sandblast (safe; 3% risk of failure)
Press: ? - help, Shift-Dir - straight line, f/p - adder
Aim: an adder (almost dead, 70% to hit)
The blast of sand hits the adder.
You kill the adder!
You feel sick. The orc hits you but does no damage.
Unknown command.
Unknown command.
It was a potion of haste.
You feel yourself speed up.
You feel sick.
The orc hits you from afar with a +0 trident.
You die...

#.#.#.# ###†) #
####.#...# #..#. .##.
#...##...####..# ...
#.#.#..#..#.#... .##..
#.....###.....ß.
.S...###.#.#..#..#.#...
..$........##...####..#
...##....#.#...# #..#.
#@####.#.#.#####.. #)#
#.#.#.#.##..# #o#
#...#...##... #o.
##..#..####.. ###
##....#.# ##).##.##
#...#.#.# ##(##.##.#
#..#.###.#


You could see 2 orcs.

Vanquished Creatures
  2 adders (D:2)
  2 dart slugs
  A ribbon worm (D:2)
  3 orcs (D:2)
  2 bats
  3 endoplasms
  A giant cockroach (D:2)
  A hobgoblin (D:1)
  2 quokkas
  5 ball pythons
  2 frilled lizards
  5 goblins (D:2)
  6 kobolds
  A rat (D:1)
36 creatures vanquished.

Notes
Turn   | Place    | Note
-------+----------+-------------------------------------------
     0 | D:1      | protoss039 the Demonspawn Earth Elementalist began the
                  | quest for the Orb.
     0 | D:1      | Reached XP level 1. HP: 13/13 MP: 3/3
   249 | D:1      | You fall into a shaft and drop 1 floor!
   263 | D:2      | Gained mutation: You have a pair of small horns on your
                  | head. [demonic ancestry]
   263 | D:2      | Reached XP level 2. HP: 20/20 MP: 1/5
   271 | D:2      | Reached skill level 1 in Fighting
   271 | D:2      | Reached skill level 3 in Earth Magic
   553 | D:2      | Gained mutation: You regenerate a little health from kills.
                  | [demonic ancestry]
   553 | D:2      | Reached XP level 3. HP: 22/26 MP: 2/6
   570 | D:1      | Learned a level 3 spell: Passwall
  1262 | D:1      | Learned a level 3 spell: Stone Arrow
  1511 | D:2      | Slain by an orc

Illustrated notes

Levels and vault maps discovered:
D:1:      matt_arrival_grand_opening, layout_basic
D:2:      wad_crossroads, layout_loops_ring,
          hellmonk_ecumenical_altar_crossroads, grunt_decor_resistance,
          uniq_sigmund

Skill      XL: |  1  2 |
---------------+-------+-----
Fighting       | 1 |  1.8
Earth Magic    | 3 |  3.2
Dodging        | |  1.9
Stealth        | |  1.7
Spellcasting   | |  2.7
Conjurations   | |  1.2

Action                     || total
---------------------------++-------
  Melee: Unarmed           ||     4
         Club              ||     3
         Dagger            ||    23
         Headbutt          ||     2
   Cast: Sandblast         ||    46
    Use: Potion            ||     2
   Stab: Sleeping          ||     1
 Armour: Robe              ||    33
  Dodge: Dodged            ||    37

Table legend: (Time is in decaauts)
 A = Elapsed time spent in this place.
 B = Non-inter-level travel time spent in this place.
 C = Inter-level travel time spent in this place.
 D = Time resting spent in this place.
 E = Time spent auto-exploring this place.
 F = Levels seen in this place.
 G = Mean time per level.
                   A        B        C        D        E       F      G
               +--------+--------+--------+--------+--------+-----+--------+
         Total |   1533 |   1513 |     20 |     55 |   1177 |   2 |  766.5 |
       Dungeon |   1533 |   1513 |     20 |     55 |   1177 |   2 |  766.5 |
               +--------+--------+--------+--------+--------+-----+--------+

Top non-repeatable levels by time:
     D:1: 954 daAuts
     D:2: 578 daAuts
